 Dungeon Crawl Stone Soup version 0.31.0-12-g77e489cdc1 (webtiles) character file.

Game seed: 221062913695728158

12237 spaghetti the Fighter (level 11, -5/77 HPs)
             Began as a Tengu Chaos Knight on Feb 24, 2024.
             Was a Plaything of Xom.
             Killed by vampiric draining
             ... invoked by a vampire
              (17 damage)
             ... on level 11 of the Dungeon.
             The game lasted 00:15:34 (10843 turns).

spaghetti the Fighter (Tengu Chaos Knight)         Turns: 10843, Time: 00:15:35

Health: -5/77      AC: 21    Str: 20    XL:     11   Next: 90%
Magic:  12/12      EV: 19    Int: 10    God:    Xom [..*...]
Gold:   357        SH:  0    Dex: 24    Spells: 10/10 levels left

rFire   + . .        m - +6 dagger of Exchange {flame, Dex+5}
rCold   . . .        x - +1 buckler {reflect}
rNeg    . . .        c - +1 chain mail {rF+}
rPois   .            (helmet restricted)
rElec   .            v - +0 cloak
rCorr   .            s - +2 pair of gloves
SInv    .            (boots unavailable)
Will    .....        (no amulet) Stlth
                     r - +6 ring of strength
HPRegen 0.32/turn    w - +4 ring of protection
MPRegen 0.13/turn

%: reflection, acrobat
@: confused, flying
A: beak, talons 3, evasive flight, acrobatic, camouflage 1, agile 1,
deterioration 1, dopey 1, passive freeze, screaming 1
a: Renounce Religion


You were on level 11 of the Dungeon.
You worshipped Xom.
You were a toy of Xom.
You visited 2 branches of the dungeon, and saw 12 of its levels.
You also visited: Sewer.

You collected 634 gold pieces.
You spent 277 gold pieces at shops.

Inventory:

Hand Weapons
 h - a +0 demon whip of venom
 m - the +6 dagger of Exchange (weapon) {flame, Dex+5}
   (You bought it in a shop on level 2 of the Dungeon)

   Dex+5:     It affects your dexterity (+5).
 p - a +5 heavy dire flail
Missiles
 k - 5 atropa-tipped darts
 o - 12 javelins
 C - 2 curare-tipped darts
Armour
 c - a +1 chain mail of fire resistance (worn)
 s - a +2 pair of gloves (worn)
 v - a +0 cloak (worn)
 x - a +1 buckler of reflection (worn)
Jewellery
 r - a +6 ring of strength (left hand)
 t - a ring of protection from cold
 w - a +4 ring of protection (right hand)
 y - a +6 ring of intelligence
Wands
 n - a wand of flame (21)
 u - a wand of roots (9)
 D - a wand of charming (7)
Scrolls
 b - a scroll of butterflies
 e - 2 scrolls of enchant armour
 i - 3 scrolls of teleportation
 q - 3 scrolls of enchant weapon
 A - a scroll of amnesia
 B - 4 scrolls of identify
Potions
 a - 3 potions of brilliance
 d - 3 potions of magic
 f - 3 potions of heal wounds
 g - 3 potions of attraction
 j - 4 potions of curing
 l - 3 potions of haste
 z - 2 potions of lignification


   Skills:
 - Level 12.8 Fighting
 + Level 10.6 Armour
 + Level 10.3 Dodging
 - Level 4.3 Unarmed Combat
 + Level 6.8 Evocations


You had 10 spell levels left.
You didn't know any spells.
Your spell library contained the following spells:

 Spells                   Type           Power      Damage    Failure   Level
 Fugue of the Fallen      Necr           0%         N/A       100%        3
 Ozocubu's Armour         Ice            0%         N/A       100%        3
 Manifold Assault         Tloc           0%         N/A       100%        4
 Metabolic Englaciation   Hex/Ice        0%         N/A       100%        5
 Dispersal                Tloc           0%         N/A       100%        6
 Sculpt Simulacrum        Ice/Alch       0%         N/A       100%        6
 Disjunction              Tloc           0%         N/A       100%        8


Dungeon Overview and Level Annotations

Branches:
Dungeon (11/15)            Temple (1/1) D:4            Lair (0/5) D:8
    Orc (0/2) D:11          Sewer (visited)

Altars:
Ashenzari
Cheibriados
Dithmenos
Elyvilon
Fedhas
Gozag
Hepliaklqana
Kikubaaqudgha
Makhleb
Nemelex Xobeh
Okawaru
Qazlal
Ru
Sif Muna
Trog
Uskayaw
Vehumet
Wu Jian
Xom
Yredelemnul
Zin
The Shining One

Shops:
D:2 ![([


Innate Abilities, Weirdness & Mutations

You have a beak for a mouth.
You have claws for feet.
Your magical flight helps you evade attacks. (EV +4)
You can magically evade attacks while moving or waiting.
Your skin changes colour to match your surroundings (Stealth+).
You are agile. (Dex +4, Str/Int -1)
Your body sometimes deteriorates upon taking damage.
You are dopey. (Int -2)
A frigid envelope surrounds you and freezes all who hurt you.
You occasionally shout uncontrollably at your foes.


Message History

Unknown command.
Unknown command.
Unknown command.
You bump into the rock wall.
The sentinel's mark upon you fades away.
The orc barely misses you. The vampire casts a spell at you.
You resist with some effort. The vampire misses you.
The vampire closely misses you. The orc wizard completely misses you.
An orc comes into view. It is wielding a +0 war axe.
An orc comes into view. It is wielding a +0 club.
Unknown command.
You hit the vampire but do no damage. Your kick misses the vampire.
The vampire is heavily damaged.
The orc barely misses you. The vampire hits you.
The vampire resists.
The vampire is very cold.
The vampire is heavily damaged.
The vampire closely misses you.
The vampire hits you but does no damage.
The vampire resists.
The vampire is very cold.
The vampire is heavily damaged.
The vampire bites you.
The vampire draws strength from your injuries!
The vampire completely resists.
The orc wizard mumbles some strange words.
The orc wizard flickers and vanishes!
Deactivating autopickup; reactivate with Ctrl-A.
An orc comes into view. It is wielding a +0 hand axe.
Unknown command.
You hit the vampire. You burn the vampire.
You claw the vampire, but do no damage. Your peck misses the vampire.
The vampire is heavily damaged.
The orc hits you but does no damage.
The orc is very cold.
The orc is heavily wounded.
The vampire draws life force from you!
* * * LOW HITPOINT WARNING * * *
The vampire is healed by the life force!
The vampire draws life force from you!
You die...
Xom cackles wildly!

.............
...........##
.........o..#.
..........o...
..............# ..
............oo. ...
...........)..o### #c..
........<.....To{##....
.....>....... #V@#...#
............# #.)Vo..#
........##..# #..#o.....
..(....## #.###.##......
.......# ##.##...[......
##..#..###...?..........
....#..........#........
....###........####....#
#..# #.........# #...


You could see a troll, 2 vampires, an orc priest and 7 orcs.

Vanquished Creatures
  2 two-headed ogres (D:10)
  Amaemon (D:10)
  An orange demon (D:10)
  An unseen horror (D:10)
  Jeremiah (D:7)
  A komodo dragon (D:10)
  5 kobold demonologists
  A polar bear (D:11)
  The ghost of superradish the Insei, an amateur OpSh (D:4)
  Sigmund (D:4)
  7 yaks
  A wraith (D:10)
  Eustachio (D:4)
  A wyvern (D:8)
  2 vampires
  Edmund (D:4)
  An acid dragon (D:11)
  A water moccasin (D:5)
  An ice beast (D:7)
  3 orc warriors
  2 black bears (D:5)
  An ogre (D:5)
  7 centaurs
  3 phantoms
  5 kobold brigands
  2 brain worms (Sewer)
  A gnoll sergeant (D:9)
  3 bullfrogs (D:6)
  4 scorpions
  10 wights
  4 killer bees
  3 howler monkeys (D:9)
  2 vampire bats (D:10)
  A bombardier beetle (D:5)
  6 hounds
  8 orc priests
  Crazy Yiuf (D:4)
  A jelly (D:6)
  A gnoll bouda (D:6)
  3 sleepcaps
  4 iguanas
  13 orc wizards
  15 gnolls
  16 adders
  A river rat (Sewer)
  A white imp (D:5)
  2 ufetubi (D:6)
  2 dart slugs
  A ribbon worm (D:2)
  30 orcs
  5 ball pythons
  A bat skeleton (D:10)
  4 bat zombies (D:10)
  2 endoplasms
  A giant cockroach (D:2)
  6 hobgoblins
  4 quokkas
  A bat (D:1)
  7 frilled lizards
  6 goblins
  27 kobolds
  8 rats
259 creatures vanquished.

Vanquished Creatures (collateral kills)
  2 kobold demonologists
  A killer bee (D:9)
  3 kobolds
6 creatures vanquished.

Vanquished Creatures (others)
  Joseph (D:9)
  A kobold demonologist (D:9)
  A yak (D:9)
3 creatures vanquished.

Grand Total: 268 creatures vanquished

Notes
Turn   | Place    | Note
-------+----------+-------------------------------------------
     0 | D:1      | spaghetti the Tengu Chaos Knight began the quest for the
                  | Orb.
     0 | D:1      | Reached XP level 1. HP: 14/14 MP: 2/2
     1 | D:1      | XOM: silly message
    82 | D:1      | Reached XP level 2. HP: 16/19 MP: 3/3
    84 | D:1      | XOM: butterfly on damage
   622 | D:1      | XOM: cloud trail
   665 | D:2      | Reached XP level 3. HP: 19/23 MP: 4/4
   695 | D:2      | Found Defuciti's Distillery.
   932 | D:2      | Found Myefofy's Antique Armour Emporium.
   973 | D:2      | Found a faded altar of an unknown god.
  1073 | D:3      | Reached XP level 4. HP: 22/28 MP: 5/5
  1279 | D:3      | XOM: blink monster(s)
  1307 | D:3      | XOM: summons 4 hostile shadow creatures
  1403 | D:3      | XOM: 1-stop teleportation journey
  1564 | D:3      | Found a shimmering blue altar of Sif Muna.
  1588 | D:3      | XOM: swap monsters
  1890 | D:3      | Reached XP level 5. HP: 31/32 MP: 6/6
  1958 | D:2      | Found Weuse's Antique Weapon Boutique.
  1970 | D:2      | Bought a crystal dagger for 112 gold pieces
  1970 | D:2      | Identified the +6 dagger of Exchange {flame, Dex+5} (You
                  | bought it in a shop on level 2 of the Dungeon)
  2043 | D:2      | XOM: god gift: 36 gold pieces
  2070 | D:2      | Found Daficeum's Antique Armour Boutique.
  2160 | D:2      | XOM: give mutations
  2160 | D:2      | Gained mutation: You have hidden genetic potential. [Xom's
                  | grace]
  2160 | D:2      | Gained mutation: You are agile. (Dex +4, Str/Int -1) [Xom's
                  | grace]
  2160 | D:2      | Gained mutation: You expend magic power (3 MP) to
                  | strengthen your wands. [Xom's grace]
  2160 | D:2      | Lost mutation: You have hidden genetic potential. [Xom's
                  | grace]
  2160 | D:2      | Gained mutation: You are somewhat resistant to further
                  | mutation. [Xom's grace]
  2324 | D:2      | XOM: summons 1 hostile demon
  2399 | D:2      | XOM: summons 1 hostile shadow creature
  2631 | D:4      | XOM: god gift: chain mail {god gift}
  2644 | D:4      | XOM: swap monsters
  2778 | D:4      | XOM: silly message
  2911 | D:4      | Reached XP level 6. HP: 30/37 MP: 7/7
  2926 | D:4      | Found a glowing drain.
  2935 | Sewer    | Entered a sewer
  3053 | Sewer    | Reached skill level 12 in Fighting
  3053 | Sewer    | Gained mutation: Your magical flight helps you evade
                  | attacks. (EV +4) [Tengu growth]
  3053 | Sewer    | Reached XP level 7. HP: 56/56 MP: 8/8
  3059 | Sewer    | XOM: 1-stop teleportation journey
  3067 | Sewer    | Reached skill level 5 in Armour
  3146 | Sewer    | XOM: potion effect (heal wounds)
  3152 | Sewer    | XOM: noise
  3321 | D:4      | Found a staircase to the Ecumenical Temple.
  3351 | Temple   | XOM: stealth player
  3351 | Temple   | Entered the Ecumenical Temple
  3361 | Temple   | Reached XP level 8. HP: 19/62 MP: 9/9
  3573 | D:4      | Noticed Eustachio
  3584 | D:4      | Killed Eustachio
  3585 | D:4      | Reached skill level 5 in Dodging
  3687 | D:4      | Noticed Edmund
  3696 | D:4      | Killed Edmund
  3880 | D:4      | Found an opulent altar of Gozag.
  3880 | D:4      | Found a shimmering altar of Xom.
  4062 | D:4      | XOM: give mutations
  4062 | D:4      | Gained mutation: You are vulnerable to heat. (rF-) [Xom's
                  | mischief]
  4062 | D:4      | Gained mutation: You are partially covered in iridescent
                  | scales. (AC +2) [Xom's mischief]
  4062 | D:4      | Gained mutation: Your spells are a little easier to cast,
                  | but a little less powerful. [Xom's mischief]
  4077 | D:4      | Noticed Sigmund
  4078 | D:4      | XOM: scenery: summon butterflies
  4084 | D:4      | Killed Sigmund
  4230 | D:4      | Found a runed translucent door.
  4231 | D:4      | Noticed Crazy Yiuf
  4270 | D:4      | XOM: give mutations
  4270 | D:4      | Gained mutation: Your muscles are strong. (Str +4, Int/Dex
                  | -1) [Xom's grace]
  4270 | D:4      | Gained mutation: Your skin changes colour to match your
                  | surroundings (Stealth+). [Xom's grace]
  4270 | D:4      | Lost mutation: You are somewhat resistant to further
                  | mutation. [Xom's grace]
  4270 | D:4      | Gained mutation: You have hidden genetic potential. [Xom's
                  | grace]
  4270 | D:4      | Gained mutation: You possess an exceptional clarity of
                  | mind. [Xom's grace]
  4318 | D:4      | Found a runed translucent door.
  4318 | D:4      | Noticed superradish's ghost (amateur OpSh)
  4508 | D:4      | Killed superradish's ghost
  4752 | D:2      | Bought a pair of embroidered gloves for 165 gold pieces
  4901 | D:4      | XOM: god gift: small onyx ring {god gift}
  5019 | D:5      | Entered Level 5 of the Dungeon
  5128 | D:5      | Reached XP level 9. HP: 67/67 MP: 10/10
  5148 | D:5      | XOM: smoke on damage
  5249 | D:5      | XOM: cleaving
  5406 | D:5      | XOM: divination: detect items
  5542 | D:5      | Gained mutation: You are mostly covered in iridescent
                  | scales. (AC +4) [hidden potential]
  5580 | D:5      | Found a hazy altar of Hepliaklqana.
  5594 | D:5      | XOM: cloud trail
  5617 | D:5      | Found a shadowy altar of Dithmenos.
  5637 | D:5      | XOM: noise
  5826 | D:5      | XOM: give mutation
  5826 | D:5      | Lost mutation: You are mostly covered in iridescent scales.
                  | (AC +4) [Xom's mischief]
  6105 | D:4      | Killed Crazy Yiuf
  6389 | D:6      | Reached skill level 1 in Evocations
  6511 | D:6      | XOM: summons 1 hostile demon
  6560 | D:6      | XOM: cloud trail
  6775 | D:6      | Identified the +2 leather armour of the End {rPois}
  7026 | D:6      | XOM: divination: detect items
  7028 | D:6      | XOM: 7-stop teleportation journey
  7123 | D:6      | Identified the +3 glaive "Zuonoco" {flame, Str+3} (Xom
                  | gifted it to you on level 6 of the Dungeon)
  7123 | D:6      | XOM: god gift: +3 glaive "Zuonoco" {chaos, Str+3}
  7248 | D:7      | Noticed Jeremiah
  7265 | D:7      | XOM: summons friendly iron imp
  7284 | D:7      | XOM: swap monsters
  7320 | D:7      | XOM: butterfly on damage
  7321 | D:7      | Lost mutation: You expend magic power (3 MP) to strengthen
                  | your wands. [potion of mutation]
  7321 | D:7      | Lost mutation: Your spells are a little easier to cast, but
                  | a little less powerful. [potion of mutation]
  7321 | D:7      | Lost mutation: You are partially covered in iridescent
                  | scales. (AC +2) [potion of mutation]
  7321 | D:7      | Gained mutation: Your body sometimes deteriorates upon
                  | taking damage. [potion of mutation]
  7321 | D:7      | Gained mutation: You occasionally shout uncontrollably at
                  | your foes. [potion of mutation]
  7321 | D:7      | Gained mutation: You have supernaturally acute eyesight.
                  | (SInv) [potion of mutation]
  7327 | D:7      | Killed Jeremiah
  7328 | D:7      | Reached XP level 10. HP: 30/62 MP: 11/11
  7480 | D:7      | You are sucked into a shaft and drop 2 floors!
  7488 | D:9      | XOM: cleaving
  7697 | D:8      | Found a staircase to the Lair.
  7732 | D:8      | Gained mutation: Your muscles are very strong. (Str +8,
                  | Int/Dex -2) [hidden potential]
  7732 | D:8      | Lost mutation: You have hidden genetic potential. [hidden
                  | potential expressed]
  7821 | D:8      | XOM: 4-stop teleportation journey
  8284 | D:9      | Found a glowing silver altar of Zin.
  8284 | D:9      | Found a radiant altar of Vehumet.
  8289 | D:9      | Found a basalt altar of Yredelemnul.
  8291 | D:9      | Found a stormy altar of Qazlal.
  8292 | D:9      | Found an ornate altar of the Wu Jian Council.
  8301 | D:9      | XOM: cast spell 'Summon Small Mammal'
  8302 | D:9      | Found a snail-covered altar of Cheibriados.
  8305 | D:9      | Found a blossoming altar of Fedhas.
  8365 | D:9      | XOM: enchant monster (good)
  8580 | D:9      | XOM: butterfly on damage
  8585 | D:9      | Lost mutation: You possess an exceptional clarity of mind.
                  | [potion of mutation]
  8585 | D:9      | Lost mutation: Your muscles are very strong. (Str +8,
                  | Int/Dex -2) [potion of mutation]
  8585 | D:9      | Lost mutation: You have supernaturally acute eyesight.
                  | (SInv) [potion of mutation]
  8585 | D:9      | Gained mutation: A frigid envelope surrounds you and
                  | freezes all who hurt you. [potion of mutation]
  8598 | D:9      | XOM: enchant monster (good)
  8601 | D:9      | Noticed Joseph
  8628 | D:9      | Your ally Joseph died
  8639 | D:10     | Entered Level 10 of the Dungeon
  8698 | D:9      | Noticed a kobold demonologist
  8700 | D:9      | Noticed a kobold demonologist
  8703 | D:9      | Noticed a soul eater
  8706 | D:9      | Noticed a smoke demon
  8711 | D:9      | Killed a kobold demonologist
  8835 | D:9      | XOM: cleaving
  8839 | D:9      | Reached XP level 11. HP: 74/77 MP: 12/12
  8944 | D:9      | XOM: give mutations
  8944 | D:9      | Lost mutation: Your muscles are strong. (Str +4, Int/Dex
                  | -1) [Xom's mischief]
  8944 | D:9      | Lost mutation: You are vulnerable to heat. (rF-) [Xom's
                  | mischief]
  8944 | D:9      | Gained mutation: You are dopey. (Int -2) [Xom's mischief]
  9006 | D:9      | XOM: god gift: +0 helmet of intelligence
  9051 | D:10     | XOM: summons 4 friendly demons
  9056 | D:10     | XOM: divination: magic mapping
  9059 | D:10     | XOM: summons 3 friendly demons
  9065 | D:10     | Reached skill level 5 in Evocations
  9328 | D:10     | XOM: divination: detect creatures
  9517 | D:10     | Found an ancient bone altar of Kikubaaqudgha.
  9575 | D:10     | Noticed a two-headed ogre
  9581 | D:10     | Killed a two-headed ogre
  9785 | D:10     | XOM: chaos upgrade
  9838 | D:10     | Found a glowing golden altar of the Shining One.
  9925 | D:10     | Noticed Amaemon
  9931 | D:10     | Killed Amaemon
 10018 | D:10     | XOM: scenery: create altars
 10387 | D:10     | XOM: summons 2 friendly demons
 10408 | D:10     | Reached skill level 10 in Armour
 10465 | D:11     | Noticed a two-headed ogre
 10481 | D:10     | XOM: divination: detect items
 10514 | D:10     | Killed a two-headed ogre
 10515 | D:10     | Reached skill level 10 in Dodging
 10660 | D:11     | Found a staircase to the Orcish Mines.
 10660 | D:11     | XOM: 2-stop teleportation journey
 10736 | D:11     | Noticed a soul eater
 10769 | D:11     | XOM: enchant monster (bad)
 10821 | D:11     | Noticed a centaur warrior
 10827 | D:11     | a centaur warrior changed into a polar bear
 10827 | D:11     | XOM: polymorph centaur warrior -> polar bear
 10829 | D:11     | XOM: potion effect (curing)
 10843 | D:11     | Killed from afar by a vampire

Illustrated notes

Levels and vault maps discovered:
D:1:      lightli_arrival_quake, layout_loops_ring, minmay_misc_feat_encased,
          minmay_misc_feat_enclosed
D:2:      layout_basic, shapermc_ecumenical_altar_pompeii, serial_shops, shop,
          nicolae_shop_trees, nicolae_shop_hallway_stairs,
          nicolae_shop_statue_plus
D:3:      layout_loops_ring, general_overflow_altar, grunt_ministairs_2
D:4:      layout_basic, gammafunk_temple_overflow_elements,
          minmay_temple_entry_junction, gammafunk_ghost_grave,
          portal_sewer_entry_d, uniq_edmund, uniq_crazy_yiuf_cottage,
          uniq_sigmund, uniq_eustachio
D:5:      layout_basic, riverfiend_overflow_shadow_ancestor
D:6:      layout_cave_pods, kennysheep_generic_room_14
D:7:      layout_gridville, gammafunk_ghost_necromancy, uniq_jeremiah,
          uniq_maurice
D:8:      layout_loops_ring, dpeg_oklobed_lair, chequers_serial_rivers_marsh
D:9:      layout_small_grid, nicolae_overflow_hallway_of_the_gods,
          kennysheep_generic_room_11, uniq_joseph
D:10:     layout_basic, kennysheep_mini_moat, kennysheep_vampire_church,
          minmay_door_square, uniq_amaemon
D:11:     layout_cave_pools, hiddenorc1_lemuel, minmay_hollow_rounded_squares
Temple:   hellmonk_temple_forest_ring

Skill      XL: |  1  2  3  4  5  6  7  8  9 10 11 |
---------------+----------------------------------+-----
Dodging        | 2 3 4 5 7 8 10 | 10.3
Armour         | 3 4 5 6 7 9 10 | 10.6
Unarmed Combat | 4 |  4.3
Fighting       | 12 | 12.8
Evocations     | 2 4 6 |  6.8

Action                     |  1- 3 |  4- 6 |  7- 9 | 10-12 || total
---------------------------+-------+-------+-------+-------++-------
  Melee: Unarmed           |    66 |    50 |       |       ||   116
         Kick              |    16 |    19 |    93 |   142 ||   270
         Peck              |     7 |    18 |    46 |    84 ||   155
         Punch             |       |     5 |     9 |       ||    14
         Dagger            |       |    69 |   260 |   334 ||   663
  Throw: Dart              |       |     3 |       |       ||     3
         Javelin           |       |       |     5 |       ||     5
  Evoke: Wand              |       |       |       |    12 ||    12
    Use: Potion            |     5 |     3 |     3 |     2 ||    13
         Scroll            |       |     6 |     4 |     1 ||    11
   Stab: Petrified         |       |       |       |     3 ||     3
         Distracted        |       |       |       |     1 ||     1
 Armour: Leather armour    |    11 |       |       |       ||    11
         Plate armour      |    31 |       |       |       ||    31
         Skin              |     1 |     3 |       |       ||     4
         Chain mail        |       |    77 |   132 |   190 ||   399
  Dodge: Dodged            |    49 |    38 |   253 |   379 ||   719
  Block: Buckler           |       |       |    20 |   127 ||   147
         Reflection        |       |       |       |    12 ||    12
